 Dungeon Crawl Stone Soup version 0.18.1-8-gdd0e5ea (webtiles) character file.

3443 schauveau the Cleaver (level 10, -8/84 HPs)
             Began as a Gargoyle Berserker on May 22, 2016.
             Was an Elder of Trog.
             Mangled by a skeletal warrior
             ... wielding a +0 trident
             ... led by a death knight
              (15 damage)
             ... on level 10 of the Dungeon.
             The game lasted 00:14:49 (6879 turns).

schauveau the Cleaver (Gargoyle Berserker)          Turns: 6879, Time: 00:14:50

Health: -8/84      AC: 24    Str: 32    XL:     10   Next: 5%
Magic:  10/10      EV: 13    Int:  9    God:    Trog [****..]
Gold:   262        SH:  0    Dex:  9    Spells: 0 memorised, 9 levels left

rFire  . . .     SeeInvis .     a - +2 hand axe
rCold  . . .     Gourm    .     n - +0 plate armour
rNeg   + . .     Faith    .     (no shield)
rPois  ∞         Spirit   .     (no helmet)
rElec  +         Dismiss  .     (no cloak)
rCorr  .         Reflect  .     (no gloves)
SustAt .         Harm     .     i - +2 pair of boots
MR     .....                    (no amulet)
Stlth  ..........               h - +5 ring of evasion
                                z - +4 ring of strength

@: berserking, very quick, not resistant to hostile enchantments, extremely
unstealthy
A: negative energy resistance 1, electricity resistance, unbreathing,
petrification resistance, rot immunity, AC +7
a: Berserk, Trog's Hand, Brothers in Arms, Burn Spellbooks, Renounce Religion


You were on level 10 of the Dungeon.
You worshipped Trog.
Trog was greatly pleased with you.
You were hungry.

You visited 1 branch of the dungeon, and saw 10 of its levels.

You collected 402 gold pieces.
You spent 140 gold pieces at shops.

Inventory:

Hand Weapons
 a - a +2 hand axe (weapon)
 o - a +0 war axe
 H - a +2 scimitar of draining
Missiles
 m - 6 javelins of penetration (quivered)
Armour
 i - a +2 pair of boots (worn)
 n - a +0 plate armour (worn)
Jewellery
 h - a +5 ring of evasion (right hand)
 z - a +4 ring of strength (left hand)
Wands
 r - a wand of flame (25/48)
 t - a wand of random effects (35/48)
 v - a wand of flame (22/48)
 x - a wand of flame (47/48)
 I - a wand of lightning (11/15)
Scrolls
 g - 3 scrolls of teleportation
 k - 7 scrolls of enchant armour
 y - 2 scrolls of enchant weapon
 C - a scroll of remove curse
 J - a scroll of magic mapping
Potions
 b - 2 potions of flight
 d - a potion of might
 e - a potion of mutation
 j - 6 potions of curing
 l - 2 potions of brilliance
 q - a potion of resistance
 s - 2 potions of berserk rage
 w - a potion of haste
 A - a potion of degeneration
 F - a potion of lignification
 G - a potion of agility
Comestibles
 c - 7 bread rations
 f - 2 beef jerkies
 p - 3 meat rations
 u - 24 fruits


   Skills:
 - Level 3.3 Fighting
 * Level 10.9 Axes
 - Level 8.7 Armour
 - Level 1.7 Dodging
 - Level 0.2 Stealth


You had 9 spell levels left.
You didn't know any spells.

Dungeon Overview and Level Annotations

Branches:
Dungeon (10/15)            Temple (0/1) D:5
   Lair: D:8-11         Orc: D:9-12

Altars:
Gozag
Kikubaaqudgha
Pakellas
Vehumet
Yredelemnul

Shops:
D:5 *   D:9 =


Innate Abilities, Weirdness & Mutations

You are resistant to torment.
Your stone body is resilient (AC +7).
You are immune to poison.
You resist negative energy.
You are resistant to electric shocks.
You can survive without breathing.
You are immune to petrification.
You are immune to rotting.


Message History

The skeletal warrior hits you with a trident.
* * * LOW HITPOINT WARNING * * *
You slash the skeletal warrior!
The skeletal warrior is almost destroyed.
You hit the skeletal warrior.
The skeletal warrior is almost destroyed.
The skeletal warrior hits you but does no damage.
You barely miss the skeletal warrior.
The skeletal warrior is almost destroyed.
You barely miss the skeletal warrior.
The skeletal warrior is almost destroyed.
The skeletal warrior hits you but does no damage.
You barely miss the skeletal warrior.
The skeletal warrior is almost destroyed.
You closely miss the skeletal warrior.
The skeletal warrior is almost destroyed.
You hit the skeletal warrior but do no damage.
The skeletal warrior is almost destroyed.
The skeletal warrior hits you with a trident!
You die...

#+#
##@#
#z.#
#+##


You could see a skeletal warrior.

Vanquished Creatures
  Prince Ribbit (D:8)
  3 yaks (D:5)
  2 sky beasts
  A black bear (D:7)
  4 ogres
  2 phantoms (D:5)
  2 centaurs
  2 big kobolds (D:8)
  6 giant frogs
  A wyvern zombie (D:8)
  2 scorpions
  6 wights
  2 howler monkeys
  A crimson imp (D:6)
  3 orc priests
  5 hounds
  A gnoll shaman (D:8)
  3 orc wizards
  An iguana (D:9)
  3 worker ants
  A hound zombie (D:9)
  7 gnolls
  A howler monkey skeleton (D:6)
  4 adders
  2 shadow imps (D:5)
  An adder zombie (D:8)
  An adder skeleton (D:6)
  3 worms
  3 dart slugs
  2 giant geckos
  26 orcs
  4 giant cockroaches
  6 goblins
  5 hobgoblins
  8 jackals
  8 kobolds
  4 quokkas
  3 ball pythons
  6 bats
  A giant gecko zombie (D:6)
  6 giant newts
  A quokka skeleton (D:9)
  8 rats
162 creatures vanquished.

Vanquished Creatures (collateral kills)
  A hungry ghost (D:9)
1 creature vanquished.

Vanquished Creatures (others)
  3 plants (D:5)
3 creatures vanquished.

Grand Total: 166 creatures vanquished

Notes
Turn   | Place    | Note
--------------------------------------------------------------
     0 | D:1      | schauveau the Gargoyle Berserker began the quest for the Orb.
     0 | D:1      | Reached XP level 1. HP: 14/14 MP: 1/1
   109 | D:1      | Reached XP level 2. HP: 10/19 MP: 2/2
   311 | D:1      | Reached skill level 3 in Axes
   485 | D:1      | Reached ** piety under Trog
   485 | D:1      | Reached XP level 3. HP: 12/23 MP: 3/3
  1267 | D:2      | Reached XP level 4. HP: 22/28 MP: 4/4
  1913 | D:3      | Found an opulent altar of Gozag.
  2369 | D:4      | Reached *** piety under Trog
  2388 | D:4      | Reached skill level 4 in Axes
  2440 | D:4      | Reached XP level 5. HP: 30/32 MP: 5/5
  2657 | D:4      | Reached XP level 6. HP: 36/37 MP: 6/6
  2759 | D:5      | Entered Level 5 of the Dungeon
  2772 | D:5      | Reached skill level 5 in Axes
  2783 | D:5      | Noticed a sky beast
  2808 | D:5      | Killed a sky beast
  2822 | D:5      | Noticed a yak
  2825 | D:5      | Noticed a yak
  2826 | D:5      | Noticed a yak
  2839 | D:5      | Killed a yak
  2839 | D:5      | Reached skill level 5 in Armour
  2839 | D:5      | Reached XP level 7. HP: 17/41 MP: 7/7
  2848 | D:5      | Killed a yak
  2848 | D:5      | Reached skill level 6 in Axes
  2867 | D:5      | Killed a yak
  3331 | D:5      | Reached skill level 7 in Axes
  3331 | D:5      | Reached XP level 8. HP: 43/46 MP: 8/8
  3359 | D:5      | Found Dumaeck's Assorted Antiques.
  3368 | D:5      | Bought a scroll of teleportation for 84 gold pieces
  3368 | D:5      | Bought a scroll of identify for 56 gold pieces
  3385 | D:5      | Found a staircase to the Ecumenical Temple.
  4048 | D:6      | Reached skill level 8 in Axes
  4078 | D:6      | Reached **** piety under Trog
  4255 | D:6      | Found a radiant altar of Vehumet.
  4546 | D:6      | Found an oddly glowing altar of Pakellas.
  4875 | D:7      | Reached XP level 9. HP: 46/51 MP: 9/9
  5228 | D:7      | Reached skill level 9 in Axes
  5646 | D:8      | Found a basalt altar of Yredelemnul.
  6010 | D:8      | Noticed Prince Ribbit
  6057 | D:8      | Killed Prince Ribbit
  6057 | D:8      | Reached skill level 10 in Axes
  6544 | D:9      | Found Elalekul's Jewellery Shoppe.
  6549 | D:9      | Found an ancient bone altar of Kikubaaqudgha.
  6564 | D:9      | Reached XP level 10. HP: 49/56 MP: 10/10
  6650 | D:9      | Noticed a skeletal warrior
  6651 | D:9      | Noticed a death knight
  6676 | D:10     | Entered Level 10 of the Dungeon
  6879 | D:10     | Mangled by a skeletal warrior

Skill      XL: |  1  2  3  4  5  6  7  8  9 |
---------------+----------------------------+-----
Axes           | 3 4 5 7 8 10 | 10.9
Armour         | 3 4 5 7 8 |  8.7
Fighting       | |  3.3
Dodging        | |  1.7
Stealth        | |  0.2

Action                   |  1- 3 |  4- 6 |  7- 9 | 10-12 || total
-------------------------+-------+-------+-------+-------++-------
Melee: Hand axe          |   162 |   201 |   506 |    45 ||   914
Throw: Javelin           |       |       |     3 |       ||     3
Invok: Berserk           |       |       |     1 |     1 ||     2
       Brothers in Arms  |       |       |       |     1 ||     1
  Use: Scroll            |     7 |     4 |    12 |       ||    23
       Potion            |       |       |     1 |       ||     1
 Stab: Sleeping          |     1 |       |       |       ||     1
  Eat: Chunk             |     1 |     5 |    13 |     6 ||    25
       Fruit             |       |       |     2 |       ||     2
Armor: Animal skin       |    16 |       |       |       ||    16
       Ring mail         |    52 |       |       |       ||    52
       Scale mail        |    43 |       |       |       ||    43
       Plate armour      |     7 |   167 |   247 |    26 ||   447
Dodge: Dodged            |    78 |    97 |   245 |    26 ||   446
